 Dungeon Crawl Stone Soup version 0.18.1-47-g9310371 (webtiles) character file.

52 LORDOFBUTT the Charlatan (level 3, 0/33 HPs)
             Began as an Ogre Artificer on June 16, 2016.
             Succumbed to an adder's poison
             ... on level 2 of the Dungeon.
             The game lasted 00:02:53 (1533 turns).

LORDOFBUTT the Charlatan (Ogre Artificer)           Turns: 1533, Time: 00:02:54

Health: 0/33       AC:  3    Str: 16    XL:     3   Next: 85%
Magic:  5/5        EV: 10    Int: 11    God:
Gold:   57         SH:  0    Dex: 11    Spells: 0 memorised, 4 levels left

rFire  . . .     SeeInvis .     a - +0 short sword
rCold  . . .     Gourm    .     b - +0 robe
rNeg   . . .     Faith    .     (no shield)
rPois  .         Spirit   .     (helmet restricted)
rElec  .         Dismiss  .     (no cloak)
rCorr  .         Reflect  .     (gloves unavailable)
SustAt .         Harm     .     (boots unavailable)
MR     .....                    (no amulet)
Stlth  +.........               (no ring)
                                (no ring)

@: lethally poisoned (0 -> -11), not resistant to hostile enchantments, very
unstealthy
A: unfitting armour, tough skin 1
a: no special abilities


You were on level 2 of the Dungeon.
You were not hungry.

You visited 1 branch of the dungeon, and saw 2 of its levels.

You collected 57 gold pieces.

Inventory:

Hand Weapons
 a - a +0 short sword (weapon)
Armour
 b - a +0 robe (worn)
Wands
 c - a wand of flame (14/48)
 d - a wand of enslavement (12/24)
 e - a wand of random effects (15/48)
Scrolls
 h - 2 scrolls of identify {unknown}
 j - 2 scrolls of noise {unknown}
 k - a scroll of fog {unknown}
 l - 4 scrolls of remove curse {unknown}
 m - a scroll of amnesia {unknown}
 n - a scroll of teleportation {unknown}
 p - a scroll of recharging {unknown}
 q - a scroll of enchant armour {unknown}
Potions
 i - a potion of curing {unknown}
 o - a potion of mutation {unknown}
Comestibles
 f - a bread ration
 g - 2 fruits


   Skills:
 + Level 1.5 Fighting
 + Level 1.0 Short Blades
 + Level 2.4 Dodging
 + Level 0.8 Stealth
 * Level 1.0 Spellcasting
 + Level 2.9 Evocations


You had 4 spell levels left.
You didn't know any spells.

Dungeon Overview and Level Annotations

Branches:
Dungeon (2/15)

Altars:


Innate Abilities, Weirdness & Mutations

You are too large for most types of armour.
You have tough skin (AC +1).


Message History

The adder closely misses you.
You closely miss the adder.
The adder is lightly wounded.
The adder bites you.
* * * LOW HITPOINT WARNING * * *
You are lethally poisoned!
The adder poisons you!
You hit the adder.
The adder is moderately wounded.
* * * LOW HITPOINT WARNING * * *
You feel sick. The adder closely misses you. x2
You miss the adder.
The adder is moderately wounded.
The adder bites you.
* * * LOW HITPOINT WARNING * * *
You are more poisoned.
The adder poisons you!
You hit the adder but do no damage.
The adder is moderately wounded.
You die...

#.. ######.# .. ......#
#. #....### #.##
#......# ..# . #......#
#.# .. #...?# #.## ..
#....# ##..####..
#####@...####.........
.....gS.....)...#.##....
.....##....######..#....
...........[............
.....#############......
.... ##..... . . #....#
#....# #########....#


You could see an adder and a goblin.

Vanquished Creatures
  An adder (D:2)
  A worm (D:2)
  2 dart slugs (D:1)
  A giant gecko (D:2)
  A giant cockroach (D:1)
  5 goblins
  3 hobgoblins
  3 jackals (D:2)
  4 bats
  A giant newt (D:2)
  3 kobolds (D:1)
  8 rats
33 creatures vanquished.

Vanquished Creatures (collateral kills)
  A giant cockroach (D:2)
  A goblin (D:2)
  2 giant newts (D:2)
  A kobold (D:2)
5 creatures vanquished.

Grand Total: 38 creatures vanquished

Notes
Turn   | Place    | Note
--------------------------------------------------------------
     0 | D:1      | LORDOFBUTT the Ogre Artificer began the quest for the Orb.
     0 | D:1      | Reached XP level 1. HP: 19/19 MP: 2/2
   132 | D:1      | Reached XP level 2. HP: 12/27 MP: 4/4
   819 | D:1      | Reached XP level 3. HP: 23/33 MP: 5/5
  1137 | D:2      | Reached skill level 1 in Short Blades
  1523 | D:2      | Reached skill level 1 in Spellcasting
  1532 | D:2      | HP: 1/33 [adder (2)]
  1533 | D:2      | Succumbed to an adder's poison

Skill      XL: |  1  2  3 |
---------------+----------+-----
Dodging        | 2 |  2.4
Short Blades   | 1 |  1.0
Spellcasting   | 1 |  1.0
Fighting       | |  1.5
Stealth        | |  0.8
Evocations     | |  2.9

Action                   || total
-------------------------++-------
Melee: Short sword       ||   163
Evoke: Wand              ||     4
  Use: Potion            ||     1
 Stab: Sleeping          ||     3
  Eat: Meat ration       ||     1
Armor: Robe              ||    63
Dodge: Dodged            ||   113
